 Dungeon Sprint DCSS version 0.23-a0-451-g1044d4c (webtiles) character file.

296 Kidiri the Protected (level 6, -1/61 HPs)
             Began as a Minotaur Fighter on Nov 24, 2018.
             Was an Initiate of Okawaru.
             Slain by a two-headed ogre
             ... wielding a cursed +0 giant club
              (17 damage)
             ... in the Dungeon (Sprint IX: "|||||||||||||||||||||||||||||").
             The game lasted 00:02:10 (358 turns).

Kidiri the Protected (Minotaur Fighter)              Turns: 358, Time: 00:02:11

Health: -1/61      AC: 15    Str: 21    XL:     6   Next: 12%
Magic:  5/6        EV:  7    Int:  5    God:    Okawaru [......]
Gold:   0          SH: 11    Dex: 11    Spells: 5/5 levels left

rFire    . . .     SeeInvis .   a - +0 flail
rCold    . . .     Gourm    .   c - +0 shield
rNeg     . . .     Faith    .   b - +0 plate armour
rPois    .         Spirit   .   (helmet restricted)
rElec    .         Reflect  .   (no cloak)
rCorr    .         Harm     .   t - +0 pair of gloves
MR       .....     NoTele   +   (no boots)
Stlth    ..........             (no amulet)
HPRegen  0.20/turn              (no ring)
MPRegen  0.10/turn              (no ring)

@: no status effects
A: retaliatory headbutt, horns 2
a: Renounce Religion


You were in the Dungeon.
You worshipped Okawaru.
Okawaru was noncommittal.
You were not hungry.

You visited 1 branch

Inventory:

Hand Weapons
 a - a +0 flail (weapon)
Missiles
 m - 5 tomahawks (quivered)
Armour
 b - a +0 plate armour (worn)
 c - a +0 shield (worn)
 t - a +0 pair of gloves (worn)
Jewellery
 r - a +3 ring of intelligence
 s - a +3 ring of dexterity
Wands
 q - a wand of acid (10)
Scrolls
 k - 2 scrolls of blinking
 o - 3 scrolls of remove curse
 p - 2 scrolls of amnesia
Potions
 d - a potion of might
 e - 5 potions of curing
 g - 2 potions of heal wounds
 h - a potion of haste
 i - 4 potions of magic
 j - a potion of berserk rage
 n - a potion of invisibility
Comestibles
 f - a ration


   Skills:
 * Level 8.0 Fighting
 * Level 7.4 Maces & Flails
 * Level 8.0 Armour
 + Level 4.3 Dodging
 * Level 8.0 Shields
 + Level 2.3 Invocations


You had 5 spell levels left.
You didn't know any spells.
Your spell library was empty.

Dungeon Overview and Level Annotations

Branches:
Dungeon (1/1)

Altars:
Cheibriados
Dithmenos
Elyvilon
Fedhas
Gozag
Hepliaklqana
Kikubaaqudgha
Makhleb
Nemelex Xobeh
Okawaru
Qazlal
Ru
Sif Muna
Trog
Uskayaw
Vehumet
Wu Jian
Xom
Yredelemnul
Zin
The Shining One
Beogh
Jiyva
Lugonu


Innate Abilities, Weirdness & Mutations

You reflexively headbutt those who attack you in melee.
You have a pair of horns on your head.


Message History

You block the phantom's attack.
Unknown command.
You hit the phantom but do no damage.
You headbutt the phantom, but do no damage.
The phantom is heavily damaged.
The two-headed ogre hits you with a cursed +0 giant club.
The two-headed ogre hits you with a +0 giant club!
The phantom hits you but does no damage.
Unknown command.
You sock the phantom!
The phantom is almost destroyed.
The phantom blinks!
The two-headed ogre barely misses you.
The two-headed ogre hits you with a +0 giant club.
* * * LOW HITPOINT WARNING * * *
Unknown command.
You hit the phantom. Your headbutt misses the phantom.
The phantom is almost destroyed.
The phantom hits you but does no damage.
The two-headed ogre hits you with a cursed +0 giant club!
You die...

▓.▓
▓.▓
▓.▓
▓.▓
▓l▓
▓a▓
▓O▓
▓@▓
▓W▓
▓[▓
▓[▓
▓.▓
▓)▓
▓|▓
▓.▓
▓.▓


You could see a two-headed ogre, a phantom, an iguana and a worker ant.

Vanquished Creatures
  A yak (D)
  A sky beast (D)
  2 worker ants (D)
  2 leopard geckos (D)
  An orc (D)
  A giant cockroach (D)
  A goblin (D)
  A hobgoblin (D)
  A frilled lizard (D)
  A jackal skeleton (D)
12 creatures vanquished.

Notes
Turn   | Place    | Note
-------+----------+-------------------------------------------
     0 | D        | Kidiri the Minotaur Fighter began the quest for the Orb.
     0 | D        | Reached XP level 1. HP: 19/19 MP: 0/0
     3 | D        | Banished a spatial maelstrom
    15 | D        | Reached skill level 1 in Dodging
    96 | D        | Noticed a worker ant
    96 | D        | Noticed a sky beast
    98 | D        | Reached XP level 2. HP: 27/27 MP: 1/1
   108 | D        | Killed a sky beast
   108 | D        | Reached skill level 5 in Maces & Flails
   108 | D        | Reached XP level 3. HP: 14/37 MP: 2/2
   108 | D        | Reached XP level 4. HP: 17/44 MP: 3/3
   140 | D        | Found a roughly hewn altar of Beogh.
   140 | D        | Found a snail-covered altar of Cheibriados.
   140 | D        | Found a shadowy altar of Dithmenos.
   140 | D        | Found a white marble altar of Elyvilon.
   140 | D        | Found a blossoming altar of Fedhas.
   140 | D        | Found an opulent altar of Gozag.
   141 | D        | Found a hazy altar of Hepliaklqana.
   142 | D        | Found a viscous altar of Jiyva.
   143 | D        | Found an ancient bone altar of Kikubaaqudgha.
   144 | D        | Found a corrupted altar of Lugonu.
   145 | D        | Found a burning altar of Makhleb.
   146 | D        | Found a sparkling altar of Nemelex Xobeh.
   147 | D        | Found an iron altar of Okawaru.
   148 | D        | Found a stormy altar of Qazlal.
   149 | D        | Found a sacrificial altar of Ru.
   150 | D        | Found a deep blue altar of Sif Muna.
   151 | D        | Found a bloodstained altar of Trog.
   152 | D        | Found a hide-covered altar of Uskayaw.
   153 | D        | Found a radiant altar of Vehumet.
   154 | D        | Found an ornate altar of the Wu Jian Council.
   155 | D        | Became a worshipper of Warmaster Okawaru
   156 | D        | Found a shimmering altar of Xom.
   157 | D        | Found a basalt altar of Yredelemnul.
   158 | D        | Found a glowing silver altar of Zin.
   159 | D        | Found a glowing golden altar of the Shining One.
   332 | D        | Noticed a phantom
   332 | D        | Noticed a two-headed ogre
   332 | D        | Noticed a yak
   337 | D        | Reached XP level 5. HP: 51/51 MP: 4/4
   343 | D        | Killed a yak
   343 | D        | Reached XP level 6. HP: 54/61 MP: 4/6
   358 | D        | Slain by a two-headed ogre

Vault maps used:
D:        linesprint

Skill      XL: |  1  2  3  4  5 |
---------------+----------------+-----
Armour         | 4 6 8 |  8.0
Shields        | 4 6 8 |  8.0
Fighting       | 4 6 8 |  8.0
Maces & Flails | 3 5 6 7 |  7.4
Dodging        | 1 3 4 |  4.3
Invocations    | 2 |  2.3

Action                   |  1- 3 |  4- 6 || total
-------------------------+-------+-------++-------
Melee: Flail             |    23 |    30 ||    53
       Headbutt          |       |    10 ||    10
  Use: Potion            |       |     1 ||     1
Armor: Scale mail        |     5 |       ||     5
       Plate armour      |       |    13 ||    13
Dodge: Dodged            |     5 |     4 ||     9
Block: Shield            |     8 |    12 ||    20

Table legend:
 A = Non-vault XP
 B = Vault XP
 C = Vault XP percentage of total XP
 D = Non-vault monster count
 E = Vault monster count
 F = Vault count percentage of total count
                 A         B        C        D         E       F
            +---------+---------+-------+---------+---------+-------
      Total |       0 |     424 | 100.0 |       0 |      12 | 100.0
            +---------+---------+-------+---------+---------+-------
          D |       0 |     424 | 100.0 |       0 |      12 | 100.0
            +---------+---------+-------+---------+---------+-------
